 Dungeon Crawl Stone Soup version 0.14-a0-2001-g390038d (webtiles) character file.

90 Kae the Sneak (level 3, 0/16 HPs)
             Began as a Spriggan Enchanter on Jan 18, 2014.
             Slain by a hobgoblin
             ... wielding a +0,+0 orcish club
              (5 damage)
             ... on Level 2 of the Dungeon.
             The game lasted 00:01:25 (1771 turns).

Kae the Sneak (Spriggan Enchanter)                  Turns: 1771, Time: 00:01:25

HP   0/16        AC  3     Str  5      XL: 3   Next: 50%
MP   2/10        EV 18     Int 16      God:
Gold 42          SH  0     Dex 16      Spells:  2 memorised,  5 levels left

rFire  . . .     SeeInvis +     a - +1 dagger
rCold  . . .     Clarity  .     b - +1 robe
rNeg   . . .     Conserve .     (shield restricted)
rPois  .         rCorr    .     (helmet restricted)
rElec  .         rRot     .     (no cloak)
SustAb . .       Spirit   .     (gloves unavailable)
rMut   .         Warding  .     (boots unavailable)
Saprov . . .     Stasis   .     (no amulet)
MR     .....                    (no ring)
                                (no ring)

@: very slightly contaminated, very quick, not resistant to hostile
enchantments, quite stealthy
A: unfitting armour, see invisible, herbivore 3, speed 3, slow metabolism 2
a: no special abilities


You were on level 2 of the Dungeon.
You were not hungry.

You visited 1 branch of the dungeon, and saw 2 of its levels.

You collected 42 gold pieces.

Inventory:

Hand weapons
 a - a +1,+1 dagger (weapon)
 i - a +0,+0 dagger
Missiles
 d - 12 darts (quivered)
Armour
 b - a +1 robe (worn)
Comestibles
 k - a royal jelly
 q - an apple
Scrolls
 f - a scroll of teleportation {unknown}
 h - 5 scrolls of identify {unknown}
 l - a scroll of curse weapon {unknown}
 m - a scroll of remove curse {unknown}
 n - a scroll of curse jewellery {unknown}
 o - a scroll of fog {unknown}
Potions
 e - a potion of porridge
 g - a potion of resistance {unknown}
 j - a potion of poison {unknown}
 p - a potion of curing {unknown}
Books
 c - a book of Maledictions

   Spells                             Type                      Level
   *Corona                            Hexes                        1
   Sure Blade                         Hexes/Charms                 2
   *Ensorcelled Hibernation           Hexes/Ice                    2
   Confuse                            Hexes                        3
   Enslavement                        Hexes                        4
   Invisibility                       Hexes                        6


   Skills:
 * Level 2.5 Short Blades
 - Level 1.1 Throwing
 - Level 3.0 Dodging
 * Level 4.3 Stealth
 + Level 3.0 Spellcasting
 + Level 3.9 Hexes


You had 5 spell levels left.
You knew the following spells:

 Your Spells              Type           Power        Failure   Level  Hunger
a - Corona                Hex            ##.....      4%          1    #......
b - Ensorcelled Hibernat  Hex/Ice        #.....       14%         2    ##.....


Dungeon Overview and Level Annotations

Branches:
Dungeon (2/16)

Altars:


Innate Abilities, Weirdness & Mutations

You are tiny and cannot use many weapons and most armour.
You have supernaturally acute eyesight.
You are a herbivore.
You cover ground extremely quickly.
You need consume almost no food.


Message History

The goblin is severely wounded.
The goblin misses you.
You closely miss the goblin.
The goblin is moderately wounded.
The goblin completely misses you.
You closely miss the goblin.
The goblin is moderately wounded.
You closely miss the goblin.
The goblin is moderately wounded.
The goblin hits you but does no damage.
You hit the goblin.
You kill the goblin!
Casting: Ensorcelled Hibernation
Confirm with . or Enter, or press ? or * to list all spells.
Aiming: Ensorcelled Hibernation
Press: ? - help, Shift-Dir - straight line, f - jackal
Aim: a jackal The jackal looks drowsy...
The hobgoblin hits you with an orcish club.
You die...

. . # . . ###.#. .### ...
...... #.. >. #. ....... ...
.... ....... #######.# ##.#.
....... #.....#h# #... .#
##########.....#@# #h.# #..#
...........##..#g# #..#..?.#.
#.....####.##..#.###hg.......
#.....# #.##.........#.####.
#.....# #.##.....#g..#
#.....####.###....#...#
.%%.....##.# #...##.....
........##.# #......#.###
........##.# #.######.#


You could see a jackal (sleeping) and a hobgoblin.

Vanquished Creatures
  A giant mite (D:1)
  A giant gecko (D:1)
  5 bats
  3 giant cockroaches
  4 goblins
  3 hobgoblins (D:1)
  6 jackals
  6 kobolds
  9 rats
38 creatures vanquished.

Notes
Turn   | Place    | Note
--------------------------------------------------------------
     0 | D:1      | Kae, the Spriggan Enchanter, began the quest for the Orb.
     0 | D:1      | Reached XP level 1. HP: 9/9 MP: 4/4
    35 | D:1      | Reached XP level 2. HP: 13/13 MP: 7/7
   345 | D:1      | Learned a level 2 spell: Ensorcelled Hibernation
   977 | D:1      | Reached skill level 4 in Stealth
   977 | D:1      | Reached XP level 3. HP: 11/16 MP: 9/9
  1771 | D:2      | Slain by a hobgoblin

Action                   || total
-------------------------++-------
Melee: Dagger            ||   156
 Cast: Ensorcelled Hiber ||     8
       Corona            ||     1
 Stab: Sleeping          ||    10
